Map: King's Cove LE

Players

sNcJiNn - Winner!

  • Race: Terran Terran
  • League: Platinum
  • Spawn Location: 11:00

Scorpion

  • Race: Zerg Zerg
  • League: Platinum
  • Spawn Location: 5:00

VOD

Have the link to the VOD?

Description

Time

  • Played on: March 8, 2019, 6:22 p.m.
  • Length: 22:15
Show
View Real Time Build Order
Export as new Build Order

sNcJiNn Terran - Winner!

Build Orders:  

Get SALT Encoding   

  12  0:01  SCV  
  13  0:13  SCV  
  14  0:18  Supply Depot  
  14  0:25  SCV  
  15  0:40  SCV  
  15  0:42  Barracks  
  16  0:50  Refinery  
  16  0:52  SCV  
  17  1:04  SCV  
  18  1:16  SCV  
  19  1:30  Orbital Command  
  20  1:32  Reaper  
  20  1:45  Command Center  
  20  1:59  Supply Depot  
  20  2:00  SCV  
  21  2:15  SCV  
  22  2:22  Factory  
  22  2:27  SCV  
  22  2:28  Barracks Reactor  
  23  2:45  SCV  
  24  2:53  Refinery  
  24  3:01  SCV  
  24  3:03  Orbital Command  
  25  3:14  SCV  
  26  3:20  Barracks Tech Lab  
  26  3:22  Hellion x2  
  26  3:26  SCV  
  31  3:31  SCV  
  32  3:38  SCV  
  32  3:39  Starport  
  32  3:41  Stimpack  
  33  3:42  Marine  
  33  3:43  SCV, Hellion x2  
  39  3:51  SCV  
  39  3:55  SCV  
  41  3:59  Supply Depot  
  41  4:00  Supply Depot, Marine  
  42  4:03  SCV  
  42  4:07  SCV  
  44  4:14  Factory Tech Lab  
  44  4:16  Barracks  
  44  4:17  Marine  
  44  4:21  Starport Reactor  
  45  4:25  SCV x2  
  47  4:34  Supply Depot  
  47  4:35  Supply Depot, Marine  
  47  4:37  SCV x2  
  50  4:49  SCV x2  
  52  4:53  Marine  
  53  5:01  SCV  
  52  5:11  Marine  
  51  5:17  Marine x2  
  49  5:24  Siege Tank  
  49  5:25  Medivac  
  49  5:26  Viking  
  56  5:29  Marine  
  56  5:35  Marine x2  
  59  5:36  Barracks  
  59  5:41  Supply Depot  
  59  5:42  Supply Depot  
  59  5:43  SCV x2, Engineering Bay  
  59  5:46  Engineering Bay  
  59  5:47  Marauder  
  63  5:52  Marine x2  
  63  5:54  Combat Shield  
  63  5:56  Siege Tank  
  68  6:08  Marauder  
  70  6:12  SCV x2, Marine x2  
  70  6:15  Viking  
  76  6:19  Refinery  
  76  6:20  Refinery  
  76  6:23  Supply Depot  
  76  6:25  SCV x2  
  78  6:27  Supply Depot  
  78  6:28  Siege Tank  
  78  6:29  Supply Depot  
  78  6:30  Marauder  
  83  6:34  Marine x2  
  83  6:37  Barracks Tech Lab  
  85  6:47  SCV x2  
  85  6:49  Terran Infantry Weapons Level 1  
  85  6:53  Terran Infantry Armor Level 1  
  87  6:55  Marine x4  
  91  7:12  Marine x2  
  91  7:13  Marine x2  
  95  7:23  Siege Tank  
  95  7:28  SCV x2  
  100  7:30  Marine x3  
  100  7:31  Marine  
  104  7:40  SCV  
  105  7:44  Medivac  
  105  7:45  Medivac  
  105  7:48  Marine x2  
  105  7:49  Marauder x2  
  115  7:53  Barracks, Command Center  
  115  7:55  Factory, Barracks, Siege Tank  
  118  8:02  Starport  
  118  8:05  Supply Depot x2  
  118  8:11  Supply Depot  
  118  8:26  Marine x4  
  112  8:44  Marauder  
  112  8:45  SCV x2  
  116  8:56  Armory  
  116  8:57  Barracks Reactor x2, SCV x2  
  116  8:58  Concussive Shells  
  116  9:01  Starport Reactor  
  118  9:05  Factory Tech Lab  
  118  9:07  Marauder  
  118  9:08  Marauder  
  118  9:09  SCV, Siege Tank  
  126  9:11  Viking  
  128  9:26  Marine x2  
  128  9:28  Siege Tank  
  128  9:29  Marauder x2  
  128  9:30  Viking  
  139  9:41  Siege Tank  
  139  9:42  SCV x2  
  139  9:44  Marine x2  
  146  9:49  Refinery  
  146  9:50  Marauder, Marine  
  146  9:51  Orbital Command, Refinery  
  125  10:39  Marine x3  
  125  10:40  Marine x3, Marauder x2  
  125  10:41  Siege Tank x2  
  116  10:43  Viking, Medivac x2  
  116  10:57  Marine x4  
  116  11:01  SCV x2  
  122  11:08  Marine x4  
  126  11:12  Viking  
  126  11:13  Siege Tank x2  
  126  11:15  Marine  
  135  11:26  Marauder x2  
  139  11:35  Command Center  
  139  11:38  Terran Infantry Weapons Level 2, Terran Infantry Armor Level 2  
  139  11:39  Command Center  
  139  11:41  SCV x2  
  139  11:42  SCV  
  139  11:45  Siege Tank  
  139  11:46  Siege Tank  
  148  11:48  Marauder x2  
  148  11:53  Marine  
  148  11:54  Marine x5  
  157  12:03  Supply Depot  
  157  12:04  Supply Depot x3  
  157  12:25  Siege Tank x2, Medivac, Command Center, Marine  
  166  12:30  Marauder, Marine x4  
  172  12:43  Marauder  
  161  12:51  Marauder  
  161  12:57  Marine x4, Siege Tank x2  
  161  12:58  Marine x2  
  156  13:04  Marauder  
  146  13:13  Marauder  
  146  13:15  Marine  
  146  13:17  Marine x4  
  146  13:18  Marine  
  154  13:26  Marauder  
  156  13:28  Orbital Command  
  156  13:29  SCV  
  156  13:30  SCV  
  156  13:33  Marine  
  159  13:34  Marauder  
  159  13:35  Marine x5  
  159  13:39  Refinery  
  159  13:40  SCV  
  159  13:41  SCV, Refinery  
  168  13:47  Terran Vehicle Weapons Level 1, Marauder  
  170  13:51  Marine  
  170  13:54  Marine x2  
  170  13:55  Marine x3  
  176  13:56  Siege Tank x2, Marauder  
  176  13:57  Viking x3  
  176  13:58  Viking  
  176  14:01  Terran Infantry Weapons Level 3  
  192  14:08  Marauder, Marine  
  195  14:15  Orbital Command  
  195  14:17  Marauder  
  195  14:19  Marine x3  
  195  14:21  Terran Infantry Armor Level 3  
  199  14:38  Marauder  
  173  14:47  Marine x4, Marauder  
  173  14:48  Marine x2  
  140  15:00  Marauder  
  140  15:05  Marine  
  122  15:07  Marine x5  
  122  15:08  Marauder  
  126  15:21  Marauder  
  126  15:23  Marine  
  126  15:25  Marine x5  
  116  15:30  Marauder  
  116  15:31  Siege Tank x2  
  114  15:41  Marine  
  112  15:42  Marine  
  112  15:43  Marine x4, Marauder  
  104  15:51  Marauder  
  104  15:58  Marine  
  104  16:00  Marine x2  
  104  16:01  Marine x3  
  104  16:03  Siege Tank  
  104  16:04  Marauder, Siege Tank  
  117  16:09  Medivac x2  
  117  16:10  Medivac x2  
  125  16:12  Marauder  
  125  16:16  Marine  
  125  16:18  Marine x4  
  127  16:19  Marine  
  130  16:25  Marauder  
  129  16:34  Marine, Marauder  
  129  16:35  Siege Tank  
  129  16:36  Marine x5, Siege Tank  
  145  16:47  Marauder  
  145  16:50  Orbital Command  
  145  16:52  Marine  
  145  16:54  Marine x3  
  146  16:55  Marauder  
  146  16:56  Terran Vehicle Weapons Level 2  
  146  17:00  Neosteel Armor  
  151  17:08  Marauder, Siege Tank x2  
  159  17:16  Refinery  
  159  17:17  Marauder  
  161  17:27  Marine x6  
  161  17:29  Viking x2, Marauder  
  148  17:30  Viking x2  
  177  17:38  Marauder  
  177  17:40  Siege Tank  
  177  17:42  Orbital Command  
  177  17:44  Missile Turret  
  177  17:45  Marine x4  
  180  17:54  Missile Turret  
  180  17:57  Missile Turret x4  
  179  17:59  Viking  
  179  18:00  Missile Turret  
  179  18:03  Viking x3, Missile Turret  
  179  18:05  Marine x5  
  166  18:29  Viking  
  166  18:33  Viking x3  
  174  18:41  Missile Turret  
  167  18:43  Missile Turret  
  163  19:04  Barracks  
  163  19:05  Barracks  
  161  19:31  SCV x2  
  162  19:43  SCV  
Show
View Real Time Build Order
Export as new Build Order

Scorpion Zerg 

Build Orders: Hatch First 

Get SALT Encoding   

  12  0:03  Drone  
  13  0:16  Overlord  
  13  0:18  Drone  
  14  0:34  Drone x2  
  16  0:53  Hatchery  
  15  0:58  Drone x2  
  15  1:02  Drone  
  18  1:12  Extractor  
  17  1:19  Spawning Pool  
  17  1:22  Drone  
  17  1:25  Drone  
  19  1:32  Drone  
  19  1:42  Drone  
  20  1:53  Overlord  
  20  2:05  Queen x2  
  20  2:07  Zergling x4  
  26  2:15  Metabolic Boost  
  26  2:20  Drone  
  26  2:21  Drone  
  28  2:28  Drone x2  
  30  2:54  Queen, Hatchery  
  30  2:56  Drone  
  32  2:59  Overlord  
  32  3:12  Drone x2  
  34  3:13  Drone x2  
  36  3:26  Overlord  
  36  3:28  Drone x3  
  36  3:29  Drone x3  
  42  3:52  Queen  
  42  3:55  Roach Warren  
  43  3:56  Overlord  
  43  4:05  Drone x7  
  50  4:18  Overlord  
  50  4:22  Zergling x8  
  50  4:23  Zergling x2  
  55  4:37  Queen  
  57  4:39  Roach x5  
  67  4:51  Drone  
  67  4:52  Drone x6  
  74  4:55  Extractor  
  74  4:56  Extractor  
  72  5:05  Drone  
  72  5:06  Drone x2  
  73  5:07  Overlord x2  
  73  5:08  Overlord  
  73  5:14  Lair  
  72  5:15  Evolution Chamber  
  72  5:17  Spore Crawler  
  72  5:19  Spore Crawler  
  67  5:37  Spore Crawler  
  67  5:38  Spine Crawler  
  65  5:53  Extractor  
  65  5:54  Zerg Missile Weapons Level 1  
  64  6:13  Overlord  
  64  6:14  Overlord x2  
  64  6:16  Roach x2  
  68  6:19  Glial Reconstitution  
  68  6:29  Hydralisk Den  
  67  6:49  Roach  
  67  6:50  Roach x9  
  87  6:58  Drone x3  
  87  6:59  Drone x9  
  99  7:05  Overlord  
  99  7:11  Extractor  
  99  7:12  Extractor  
  97  7:16  Drone x8  
  97  7:17  Overlord x2  
  97  7:18  Overlord  
  105  7:27  Grooved Spines  
  105  7:30  Overseer  
  105  7:36  Hydralisk x4  
  113  7:48  Zerg Ground Armor Level 1  
  113  8:08  Hatchery  
  113  8:12  Roach x2  
  116  8:13  Hydralisk x6  
  116  8:15  Overlord x4  
  128  8:20  Hatchery  
  127  8:27  Overlord x4  
  127  8:40  Infestation Pit  
  126  8:54  Queen x2  
  132  9:22  Hive  
  130  9:26  Spire  
  130  9:29  Hydralisk x11  
  152  9:34  Drone x3  
  155  9:50  Roach x5  
  165  10:00  Muscular Augments  
  162  10:23  Zergling x16  
  150  10:42  Extractor x2  
  132  10:47  Viper x3  
  132  10:48  Viper  
  144  10:52  Drone x7  
  144  10:55  Drone x2  
  144  10:56  Drone  
  154  11:03  Roach  
  154  11:04  Roach x2  
  160  11:34  Zerg Ground Armor Level 2  
  160  11:41  Overlord  
  160  11:42  Overlord x6  
  160  11:43  Overlord x2  
  160  12:05  Drone x10  
  160  12:06  Drone  
  160  12:08  Hydralisk x7  
  171  12:09  Hydralisk x3  
  171  12:12  Hatchery  
  171  12:14  Overseer, Extractor  
  171  12:15  Overseer  
  166  12:58  Roach x7  
  163  12:59  Roach x10  
  184  13:19  Overseer x2  
  184  13:49  Hatchery  
  184  13:55  Hatchery  
  182  14:00  Roach  
  182  14:01  Roach x8  
  200  14:17  Hatchery  
  199  14:26  Spire  
  163  14:49  Roach x9  
  163  14:50  Roach x14  
  148  15:41  Zergling x12  
  148  15:42  Zergling x24  
  128  15:59  Hydralisk  
  128  16:00  Hydralisk x6  
  106  16:32  Mutalisk x5  
  102  16:33  Mutalisk x13  
  102  16:39  Queen  
  138  16:40  Queen x4  
  148  16:53  Extractor  
  147  16:55  Extractor  
  146  17:03  Ultralisk Cavern  
  145  17:10  Zergling x26  
  145  17:11  Zergling x10  
  163  17:17  Overseer  
  163  17:30  Zergling x22  
  174  17:43  Zerg Flyer Weapons Level 1  
  177  18:12  Zergling x6  
  177  18:13  Zergling x14  
  143  19:17  Mutalisk x11  
  145  20:34  Hatchery  
  126  20:35  Extractor  
  108  21:03  Hatchery  
  107  21:49  Hatchery  
Tags
 
Add a new tag
Caveats
  • Supply blocks, unpowered buildings, or Contaminate may cause inaccurate times.
  • Supply counts are checked every 10 seconds.